 Dungeon Crawl Stone Soup version 0.28.0-47-ge53b351184 (webtiles) character file.

Game seed: 14647874575594361872

1216 pkoi the Stinger (level 8, 0/60 HPs)
             Began as a Demigod Venom Mage on May 1, 2022.
             Succumbed to a water moccasin's poison
             ... on level 5 of the Dungeon.
             The game lasted 00:10:36 (8412 turns).

pkoi the Stinger (Demigod Venom Mage)               Turns: 8412, Time: 00:10:37

Health: 0/60       AC:  3    Str: 15    XL:     8   Next: 2%
Magic:  15/15      EV: 12    Int: 25    God:
Gold:   279        SH:  0    Dex: 14    Spells: 1/13 levels left

rFire   . . .      SeeInvis .   b - +3 great sword (freeze)
rCold   . . .      Faith    .   (shield currently unavailable)
rNeg    . . .      Spirit   .   a - +0 robe
rPois   .          Reflect  .   (no helmet)
rElec   .          Harm     .   (no cloak)
rCorr   .          Rampage  .   (no gloves)
Will    .....                   o - +0 pair of boots
Stlth   ++........              (no amulet)
HPRegen 0.20/turn               n - +6 ring of strength
MPRegen 0.14/turn               (no ring)

@: lethally poisoned (0 -> -37)
A: high MP 1, forlorn, divine attributes
a: no special abilities


You were on level 5 of the Dungeon.
You visited 1 branch of the dungeon, and saw 5 of its levels.

You collected 279 gold pieces.

Inventory:

Hand Weapons
 b - a +3 great sword of freezing (weapon)
 c - a +0 spear
 d - a +0 hand axe
 k - a +1 dagger of draining
Missiles
 p - 3 curare-tipped darts
Armour
 a - a +0 robe (worn)
 e - a +0 ring mail
 o - a +0 pair of boots (worn)
Jewellery
 n - a +6 ring of strength (left hand)
Wands
 h - a wand of charming (8)
Potions
 f - a potion of magic
 g - 2 potions of attraction
 i - a potion of ambrosia
 l - a potion of brilliance
 m - a potion of might
 s - a potion of flight


   Skills:
 + Level 1.7 Fighting
 - Level 1.7 Dodging
 - Level 1.7 Stealth
 - Level 3.0 Spellcasting
 + Level 1.7 Translocations
 - Level 3.0 Transmutations
 - Level 3.0 Fire Magic
 - Level 3.0 Air Magic
 + Level 6.5 Poison Magic


You had one spell level left.
You knew the following spells:

 Your Spells              Type           Power      Damage    Failure   Level
a - Sting                 Tmut/Pois      100%       1d8       1%          1
b - Poisonous Vapours     Pois/Air       54%        N/A       2%          2
c - Ignite Poison         Fire/Tmut/Pois 24%        N/A       5%          3
d - Olgreb's Toxic Radia  Pois           36%        N/A       7%          4
e - Blink                 Tloc           24%        N/A       8%          2

Your spell library contained the following spells:

 Spells                   Type           Power      Damage    Failure   Level
 Mephitic Cloud           Conj/Pois/Air  19%        N/A       9%          3
 Lesser Beckoning         Tloc           12%        N/A       14%         3
 Conjure Flame            Conj/Fire      11%        6-21      16%         3
 Tukima's Dance           Hex            3%         N/A       30%         3
 Sticky Flame             Conj/Fire      11%        2d3       47%         4
 Anguish                  Hex/Necr       1%         N/A       69%         4
 Manifold Assault         Tloc           12%        N/A       80%         5
 Freezing Cloud           Conj/Ice/Air   4%         6-21      88%         5
 Enfeeble                 Hex            1%         N/A       100%        7


Dungeon Overview and Level Annotations

Branches:
Dungeon (5/15)
 Temple: D:4-7

Annotations:
D:3 2 transporters


Innate Abilities, Weirdness & Mutations

You have an increased reservoir of magic. (+10% MP)
You shall have no god before yourself.
Your divine heritage dramatically boosts your attributes as you level up.


Message History

Press: ? - help, Q - select action, (/) - cycle Shift-Dir - straight line, f/p - water moccasin
Aim: a water moccasin (moderately wounded, 63% to hit)
The sting hits the water moccasin.
The water moccasin partially resists.
The water moccasin is poisoned.
The water moccasin is heavily wounded.
You feel very sick. The water moccasin bites you.
* * * LOW HITPOINT WARNING * * *
The water moccasin bites you but does no damage.
Aiming: Sting (safe; 1% risk of failure)
Press: ? - help, Q - select action, (/) - cycle Shift-Dir - straight line, f/p - water moccasin
Aim: a water moccasin (heavily wounded, poisoned, 63% to hit)
The sting hits the water moccasin.
The water moccasin partially resists.
The water moccasin is heavily wounded.
You feel very sick. The water moccasin bites you.
* * * LOW HITPOINT WARNING * * *
You are lethally poisoned!
The water moccasin poisons you!
Unknown command.
You are confused.
You feel invigorated.
* * * LOW HITPOINT WARNING * * *
You feel very sick. The water moccasin bites you!
* * * LOW HITPOINT WARNING * * *
The water moccasin bites you.
* * * LOW HITPOINT WARNING * * *
You bump into the rock wall.
* * * LOW HITPOINT WARNING * * *
You feel very sick. The water moccasin bites you.
* * * LOW HITPOINT WARNING * * *
You are more poisoned.
The water moccasin poisons you!
You are too confused!
Unknown command.
You bump into the rock wall.
You feel less invigorated.
You feel less confused.
You die...

....#..... .####.....
.#......######
.#......#....#
.'......#....#
.#......#....#
##......#....#
........'....##########
........#.......@So...#
........#.......##l#### ###
........#.......##...##.....
..#######.............'o....
..# #..............#.....
..# #..............# ....
..# #..............# .. ..#
#..............# ..#
#..............#


You could see a water moccasin (poisoned), an iguana and an orc.

Vanquished Creatures
  Duvessa (D:5)
  A sky beast (D:5)
  A necrophage (D:4)
  2 ogres
  2 scorpions (D:4)
  Dowan (D:5)
  3 wights
  A howler monkey (D:4)
  A gnoll shaman (D:4)
  A hound (D:5)
  Ijyb (D:5)
  An iguana (D:5)
  An orc wizard (D:5)
  Natasha (thrice) (D:3)
  A hound zombie (D:5)
  A howler monkey zombie (D:5)
  8 gnolls
  6 adders
  2 white imps (D:5)
  3 dart slugs
  An orc (D:5)
  2 endoplasms
  5 goblins
  8 hobgoblins
  6 jackals
  3 quokkas
  3 ball pythons
  5 bats
  3 frilled lizards (D:1)
  4 kobolds
  8 rats
89 creatures vanquished.

Vanquished Creatures (others)
  42 plants
42 creatures vanquished.

Grand Total: 131 creatures vanquished

Notes
Turn   | Place    | Note
-------+----------+-------------------------------------------
     0 | D:1      | pkoi the Demigod Venom Mage began the quest for the Orb.
     0 | D:1      | Reached XP level 1. HP: 14/14 MP: 5/5
   136 | D:1      | Reached skill level 3 in Poison Magic
   777 | D:1      | Reached XP level 2. HP: 20/20 MP: 4/7
  1538 | D:1      | Learned a level 2 spell: Poisonous Vapours
  1682 | D:2      | Reached XP level 3. HP: 22/26 MP: 5/8
  2074 | D:2      | Reached skill level 1 in Air Magic
  2288 | D:2      | Reached skill level 4 in Poison Magic
  2740 | D:3      | Noticed Natasha
  2752 | D:3      | Killed Natasha
  2753 | D:3      | Reached XP level 4. HP: 21/33 MP: 1/9
  2978 | D:3      | Found a transporter.
  2981 | D:3      | Found a transporter.
  2996 | D:3      | Noticed Natasha
  3002 | D:3      | Killed Natasha
  3512 | D:3      | Learned a level 3 spell: Ignite Poison
  3634 | D:3      | Reached skill level 1 in Transmutations
  3711 | D:3      | Noticed Natasha
  3731 | D:3      | Killed Natasha
  3732 | D:3      | Reached XP level 5. HP: 38/38 MP: 0/10
  4753 | D:4      | Reached skill level 1 in Fire Magic
  4872 | D:4      | Noticed an ogre
  5014 | D:4      | Killed an ogre
  5015 | D:4      | Reached XP level 6. HP: 45/45 MP: 3/11
  5308 | D:4      | Reached skill level 5 in Poison Magic
  5904 | D:4      | Reached XP level 7. HP: 38/50 MP: 13/13
  6087 | D:4      | Learned a level 4 spell: Olgreb's Toxic Radiance
  6671 | D:5      | Entered Level 5 of the Dungeon
  6841 | D:5      | Reached skill level 6 in Poison Magic
  6887 | D:5      | Learned a level 2 spell: Blink
  6887 | D:5      | Noticed Dowan
  6896 | D:5      | Noticed Duvessa
  6899 | D:5      | Killed Duvessa
  6914 | D:5      | Killed Dowan
  6915 | D:5      | Reached skill level 1 in Fighting
  6915 | D:5      | Reached skill level 1 in Translocations
  7323 | D:5      | Noticed Ijyb
  7326 | D:5      | Killed Ijyb
  8120 | D:5      | Reached XP level 8. HP: 43/60 MP: 15/15
  8412 | D:5      | Succumbed to a water moccasin's poison

Illustrated notes

Levels and vault maps discovered:
D:1:      sevenhm_arrival_forest_fort_large_2, layout_loops_corners,
          hellmonk_ecumenical_altar_heavens_door, nrook_mini_vaults
D:2:      layout_loops_corners
D:3:      gammafunk_wand_slinger, layout_basic, serial_forest,
          infiniplex_forest_lined_2, infiniplex_forest_straight_2,
          infiniplex_forest_lined_3, infiniplex_forest_clump_small,
          infiniplex_forest_split, infiniplex_forest_straight_3,
          infiniplex_forest_straight_4, uniq_natasha
D:4:      layout_rooms, lemuel_crystal_altar, mainiacjoe_overflow_alcove_4
D:5:      minmay_recursive_quarters, layout_gridville, amcnicky_altar_gilded,
          nicolae_overflow_hidden_temple, mainiacjoe_overflow_six_doors_small,
          serial_bayou_lagoon_a, uniq_sigmund, uniq_ijyb, uniq_prince_ribbit1,
          uniq_duvessa, uniq_menkaure

Skill      XL: |  1  2  3  4  5  6  7 |
---------------+----------------------+-----
Poison Magic   | 3 4 5 6 |  6.5
Air Magic      | 1 2 3 |  3.0
Transmutations | 1 2 3 |  3.0
Fire Magic     | 1 2 3 |  3.0
Spellcasting   | 2 3 |  3.0
Fighting       | 1 |  1.7
Translocations | 1 |  1.7
Dodging        | |  1.7
Stealth        | |  1.7

Action                   |  1- 3 |  4- 6 |  7- 9 || total
-------------------------+-------+-------+-------++-------
Melee: Spear             |     8 |       |       ||     8
       Dagger            |       |     8 |       ||     8
       Great sword       |       |     6 |    20 ||    26
 Cast: Sting             |    73 |    79 |    25 ||   177
       Poisonous Vapours |       |     7 |    14 ||    21
       Ignite Poison     |       |       |     6 ||     6
Evoke: Wand              |       |     7 |       ||     7
  Use: Scroll            |     2 |     9 |     1 ||    12
       Potion            |       |       |     3 ||     3
 Stab: Sleeping          |     1 |       |       ||     1
Armor: Robe              |     6 |     7 |     5 ||    18
Dodge: Dodged            |    37 |    45 |    25 ||   107
